 Dungeon Crawl Stone Soup version 0.28.0-56-g4927b6849a (webtiles) character file.

Game seed: 6950503713078322220

3175 AarnesTheHuman the Cleaver (level 9, 0/81 HPs)
             Began as a Hill Orc Fighter on Jan 30, 2023.
             Was a Follower of Beogh.
             Slain by an orc warrior
             ... wielding a +0 hand axe
              (14 damage)
             ... on level 7 of the Dungeon.
             The game lasted 00:10:24 (7255 turns).

AarnesTheHuman the Cleaver (Hill Orc Fighter)       Turns: 7255, Time: 00:10:24

Health: 0/81       AC:  7    Str: 23    XL:     9   Next: 95%
Magic:  22/22      EV:  9    Int:  8    God:    Beogh [*.....]
Gold:   241        SH:  5    Dex: 10    Spells: 8/8 levels left

rFire   . . .      SeeInvis .   a - +2 hand axe (elec)
rCold   . . .      Faith    .   c - +0 buckler
rNeg    . . .      Spirit   .   s - +0 scale mail
rPois   .          Reflect  .   (no helmet)
rElec   .          Harm     .   (no cloak)
rCorr   .          Rampage  .   (no gloves)
Will    .....                   (no boots)
Stlth   ..........              (no amulet)
HPRegen 0.23/turn               i - ring of magical power
MPRegen 0.18/turn               (no ring)

@: no status effects
A: no striking features
a: Renounce Religion


You were on level 7 of the Dungeon.
You worshipped Beogh.
Beogh was aware of your devotion.
You visited 2 branches of the dungeon, and saw 8 of its levels.

You collected 241 gold pieces.

Inventory:

Hand Weapons
 a - a +2 hand axe of electrocution (weapon)
 b - a +0 war axe
 e - a +0 dagger
 x - a +3 war axe
Missiles
 f - 70 stones
 t - 6 curare-tipped darts
 u - 33 poisoned darts (quivered)
Armour
 c - a +0 buckler (worn)
 s - a +0 scale mail (worn)
Jewellery
 h - a ring of fire
 i - a ring of magical power (left hand)
 y - an amulet of guardian spirit
Wands
 l - a wand of iceblast (4)
 n - a wand of paralysis (19)
 q - a wand of charming (7)
Scrolls
 z - a scroll of holy word {unknown}
Potions
 d - a potion of might
 g - a potion of resistance
 j - a potion of magic {unknown}
 k - a potion of experience {unknown}
 m - 3 potions of flight
 o - 3 potions of degeneration {unknown}
 p - a potion of heal wounds {unknown}
 r - 4 potions of brilliance {unknown}
 v - a potion of curing {unknown}
 w - 2 potions of lignification {unknown}


   Skills:
 + Level 8.2 Fighting
 - Level 9.0 Axes
 + Level 6.3 Armour
 - Level 6.0 Shields
 - Level 6.0 Invocations
 - Level 6.0 Evocations


You had 8 spell levels left.
You didn't know any spells.
Your spell library contained the following spells:

 Spells                   Type           Power      Damage    Failure   Level
 Frozen Ramparts          Ice            0%         1d2       98%         3
 Gell's Gravitas          Tloc           0%         N/A       98%         3
 Lesser Beckoning         Tloc           0%         N/A       98%         3
 Teleport Other           Tloc           0%         N/A       98%         3
 Ice Form                 Ice/Tmut       0%         N/A       100%        4
 Summon Ice Beast         Ice/Summ       0%         N/A       100%        4


Dungeon Overview and Level Annotations

Branches:
Dungeon (7/15)             Temple (1/1) D:6

Altars:
Dithmenos


Message History

You block the orc warrior's attack.
You hit the orc warrior but do no damage.
The orc warrior is heavily wounded.
You block the orc warrior's attack.
You hit the orc warrior but do no damage.
The orc warrior is heavily wounded.
You block the orc warrior's attack.
You closely miss the orc warrior.
The orc warrior is heavily wounded.
The orc warrior hits you with a +0 hand axe!
You hit the orc warrior.
The orc warrior is heavily wounded.
The orc warrior hits you with a +0 hand axe.
You hit the orc warrior but do no damage.
The orc warrior is heavily wounded.
The orc warrior closely misses you.
You hit the orc warrior.
The orc warrior is heavily wounded.
The orc warrior hits you with a +0 hand axe!
You hit the orc warrior but do no damage.
The orc warrior is heavily wounded.
The orc warrior hits you with a +0 hand axe!
* * * LOW HITPOINT WARNING * * *
You closely miss the orc warrior.
The orc warrior is heavily wounded.
You block the orc warrior's attack.
You slash the orc warrior!
The orc warrior is almost dead.
You hit the orc warrior.
The orc warrior is almost dead.
The orc warrior misses you.
You hit the orc warrior but do no damage.
The orc warrior is almost dead.
The orc warrior hits you with a +0 hand axe!
* * * LOW HITPOINT WARNING * * *
You closely miss the orc warrior.
The orc warrior is almost dead.
The orc warrior hits you with a +0 hand axe!
You die...
Beogh appreciates the orc warrior's killing of a heretic priest.

.....)....###..#
##.........§.§##
##..........§§#### ###
#..........§§.§.##..##
#......÷#.§§§§.......#
#.........§§§§###....#
##.........§§§§.......#
........####..§......##
......### #....@.#..#
.....## ##..o)..###
.....# #.....#..#
.....# #.........#
.....### ##........#
#......# ..........#
##.....z.# ........[(##
#..###........####...##
#.## ##.....


You could see an orc warrior.

Vanquished Creatures
  A kobold demonologist (D:7)
  Sigmund (D:4)
  A wyvern (D:7)
  4 yaks
  Eustachio (D:6)
  Menkaure (D:6)
  A steam dragon (D:4)
  An orc warrior (D:4)
  An ice beast (D:6)
  2 ogres
  A necrophage (D:6)
  2 kobold brigands (D:7)
  2 scorpions (D:4)
  3 wights
  3 howler monkeys
  3 centaur zombies
  7 hounds
  A jelly (D:5)
  A bullfrog skeleton (D:5)
  A centaur skeleton (D:6)
  Jessica (D:3)
  2 iguanas
  2 orc wizards (D:7)
  Ijyb (D:3)
  A killer bee zombie (D:6)
  3 gnolls
  8 adders
  3 white imps (D:6)
  An adder skeleton (D:4)
  3 worms
  2 dart slugs
  7 orcs
  9 ball pythons
  2 endoplasms (D:2)
  2 giant cockroaches
  4 goblins (D:4)
  4 hobgoblins
  2 quokkas
  3 bats
  5 frilled lizards
  5 kobolds
  7 rats
115 creatures vanquished.

Vanquished Creatures (collateral kills)
  An orc (D:7)
1 creature vanquished.

Vanquished Creatures (others)
  An orc priest (D:5)
  3 orcs (D:5)
  2 jackals (D:5)
  A plant (D:1)
7 creatures vanquished.

Grand Total: 123 creatures vanquished

Notes
Turn   | Place    | Note
-------+----------+-------------------------------------------
     0 | D:1      | AarnesTheHuman the Hill Orc Fighter began the quest for the
                  | Orb.
     0 | D:1      | Reached XP level 1. HP: 19/19 MP: 1/1
    27 | D:1      | Reached skill level 3 in Axes
    36 | D:1      | Reached XP level 2. HP: 13/26 MP: 2/2
   408 | D:1      | Reached skill level 4 in Axes
   848 | D:2      | Reached XP level 3. HP: 27/31 MP: 3/3
   954 | D:2      | Reached skill level 5 in Axes
  1608 | D:3      | Noticed Jessica
  1620 | D:3      | Killed Jessica
  1621 | D:3      | Reached XP level 4. HP: 40/40 MP: 4/4
  2067 | D:3      | Reached XP level 5. HP: 46/46 MP: 5/5
  2228 | D:3      | Noticed Ijyb
  2236 | D:3      | Paralysed by Ijyb for 4 turns
  2240 | D:3      | Killed Ijyb
  2975 | D:4      | Reached XP level 6. HP: 48/53 MP: 6/6
  3003 | D:4      | Noticed Sigmund
  3013 | D:4      | Killed Sigmund
  3014 | D:4      | Reached skill level 6 in Axes
  3014 | D:4      | Reached skill level 1 in Evocations
  3017 | D:4      | Reached skill level 5 in Fighting
  3017 | D:4      | Reached XP level 7. HP: 47/61 MP: 7/7
  3395 | D:4      | Noticed a steam dragon
  3406 | D:4      | Killed a steam dragon
  3407 | D:4      | Reached skill level 7 in Axes
  3407 | D:4      | Reached skill level 5 in Armour
  3407 | D:4      | Reached skill level 5 in Shields
  3659 | D:5      | Entered Level 5 of the Dungeon
  4108 | D:5      | Reached XP level 8. HP: 61/68 MP: 8/8
  4364 | D:5      | Became a worshipper of Beogh the Brigand
  4586 | D:5      | Reached skill level 1 in Invocations
  4753 | D:5      | Identified the +1 leather armour of Giocvood {rF+ Str+2}
  5403 | D:6      | Found a staircase to the Ecumenical Temple.
  5407 | D:6      | Noticed Menkaure
  5412 | D:6      | Killed Menkaure
  5579 | D:6      | Reached skill level 8 in Axes
  5633 | D:6      | Reached skill level 5 in Evocations
  5645 | D:6      | Noticed Eustachio
  5689 | D:6      | Killed Eustachio
  5690 | D:6      | Reached XP level 9. HP: 53/78 MP: 11/11
  6125 | Temple   | Entered the Ecumenical Temple
  6463 | D:6      | Reached skill level 5 in Invocations
  6483 | D:6      | Reached * piety under Beogh
  6938 | D:7      | Found a shadowy altar of Dithmenos.
  7033 | D:7      | Noticed a kobold demonologist
  7042 | D:7      | Killed a kobold demonologist
  7045 | D:7      | Reached skill level 9 in Axes
  7255 | D:7      | Slain by an orc warrior

Illustrated notes

Levels and vault maps discovered:
D:1:      sevenhm_arrival_forest_fort_small_6, layout_loops_cross,
          minmay_shallow_snake_nest
D:2:      layout_basic, corexii_corridor_pit
D:3:      layout_loops_corners, nrook_mini_vaults, nrook_campfire, uniq_ijyb,
          uniq_jessica
D:4:      layout_cave_pools, uniq_sigmund
D:5:      layout_loops_corners, chequers_serial_rivers_micro_d,
          eino_tiny_chamber, serial_bayou_crossing
D:6:      layout_rooms, minmay_temple_entry_trees, nicolae_figureground_pulse,
          uniq_eustachio, uniq_menkaure
D:7:      layout_layer_cave, grunt_dithmenos_smoke,
          lightli_ossuary_entry_decrepit_ruins
Temple:   mainiacjoe_temple_starburst

Skill      XL: |  1  2  3  4  5  6  7  8  9 |
---------------+----------------------------+-----
Axes           | 3 4 5 6 7 8 9 |  9.0
Fighting       | 4 5 6 8 |  8.2
Armour         | 4 5 6 |  6.3
Shields        | 4 5 6 |  6.0
Evocations     | 1 4 5 6 |  6.0
Invocations    | 3 6 |  6.0

Action                   |  1- 3 |  4- 6 |  7- 9 || total
-------------------------+-------+-------+-------++-------
Melee: War axe           |    92 |    28 |       ||   120
       Hand axe          |       |    35 |   259 ||   294
Throw: Dart              |       |       |     6 ||     6
Invok: Convert to Beogh  |       |       |     1 ||     1
Evoke: Wand              |     2 |     1 |     7 ||    10
  Use: Scroll            |       |     6 |     1 ||     7
 Stab: Paralysed         |       |     4 |    11 ||    15
Armor: Scale mail        |    39 |    31 |    83 ||   153
Dodge: Dodged            |    44 |    32 |    86 ||   162
Block: Buckler           |    35 |    14 |    55 ||   104
